 Dungeon Crawl Stone Soup version 0.29-a0-885-gb26ba3297d (webtiles) character file.

Game seed: 12555622996128187576

43 dolemite99 the Chopper (level 3, 0/46 HPs)
             Began as a Minotaur Berserker on July 21, 2022.
             Was a Follower of Trog.
             Succumbed to an adder's poison
             ... on level 2 of the Dungeon.
             The game lasted 00:01:02 (1555 turns).

dolemite99 the Chopper (Minotaur Berserker)         Turns: 1555, Time: 00:01:03

Health: 0/46       AC:  3    Str: 23    XL:     3   Next: 37%
Magic:  2/2        EV: 12    Int:  4    God:    Trog [*.....]
Gold:   82         SH:  0    Dex:  9    Spells: 2/2 levels left

rFire   . . .      SeeInvis .   a - +0 hand axe
rCold   . . .      Faith    .   (no shield)
rNeg    . . .      Spirit   .   b - +0 animal skin
rPois   .          Reflect  .   (helmet restricted)
rElec   .          Harm     .   (no cloak)
rCorr   .          Rampage  .   k - +0 pair of gloves
Will    .....                   (no boots)
Stlth   ..........              (no amulet)
HPRegen 0.15/turn               (no ring)
MPRegen 0.08/turn               (no ring)

@: berserking (expiring), lethally poisoned (0 -> -4), very quick
A: horns 2, retaliatory headbutt
a: Renounce Religion, Berserk


You were on level 2 of the Dungeon.
You worshipped Trog.
Trog was aware of your devotion.
You visited 1 branch of the dungeon, and saw 2 of its levels.

You collected 82 gold pieces.

Inventory:

Hand Weapons
 a - a +0 hand axe (weapon)
Missiles
 e - a throwing net (quivered)
 j - 5 javelins
 l - 2 atropa-tipped darts
Armour
 b - a +0 animal skin (worn)
 k - a +0 pair of gloves (worn)
Magical Staves
 c - a staff of conjuration
Jewellery
 g - a ring of ice
Scrolls
 d - a scroll of immolation {unknown}
 i - a scroll of identify {unknown}
 m - a scroll of poison {unknown}
Potions
 f - 2 potions of haste {unknown}
 h - a potion of curing {unknown}


   Skills:
 - Level 3.6 Fighting
 + Level 5.4 Axes
 - Level 2.4 Armour
 - Level 2.1 Dodging


You had 2 spell levels left.
You didn't know any spells.
Your spell library was empty.

Dungeon Overview and Level Annotations

Branches:
Dungeon (2/15)

Altars:

Annotations:
D:2 Robin


Innate Abilities, Weirdness & Mutations

You have a pair of horns on your head.
You reflexively headbutt those who attack you in melee.


Message History

You feel sick. The adder closely misses you. The adder bites you.
You hit the adder.
The adder is moderately wounded.
You feel sick. The adder bites you.
You are too injured to fight recklessly!
You barely miss the adder. Your headbutt misses the adder.
The adder is moderately wounded.
You feel sick. The adder bites you.
* * * LOW HITPOINT WARNING * * *
You miss the adder.
The adder is moderately wounded.
You feel sick.
You are no longer poisoned.
The adder closely misses you. The adder bites you.
* * * LOW HITPOINT WARNING * * *
An adder is nearby!
A red film seems to cover your vision as you go berserk!
You feel yourself moving faster!
You feel mighty! The adder closely misses you. You furiously retaliate!
You headbutt the adder.
You feel a strong urge to attack something.
The adder closely misses you.
You miss the adder.
The adder is severely wounded.
The adder bites you.
* * * LOW HITPOINT WARNING * * *
You are lethally poisoned!
The adder poisons you!
You miss the adder.
The adder is severely wounded.
* * * LOW HITPOINT WARNING * * *
You feel sick. The adder barely misses you.
You miss the adder. Your headbutt misses the adder.
The adder is severely wounded.
* * * LOW HITPOINT WARNING * * *
You feel sick. The adder misses you.
You slash the adder!
You kill the adder!
Trog accepts your kill.
You are too berserk!
You die...

....# ######..... .†..#
#......8.8. ....#
#.#....#+#
....#####.#....#.#
##+###....#..###.### ...#
#.##.#..#8...8# ...#
...###.####..#.._..# ....
...'...# #..#8...8#.....
...########..###@###...>.
....# #.......#.#...K...
....# #....>#.#)#....#
....# #.....#.8.8..#
<...# #.....#......#
...## #.....####...#
...#####.....# #####
†............#
.†......######


There were no monsters in sight!

Vanquished Creatures
  An adder (D:2)
  2 worms (D:2)
  2 dart slugs (D:1)
  2 endoplasms (D:1)
  A giant cockroach (D:2)
  A goblin (D:1)
  2 hobgoblins
  4 kobolds
  2 quokkas (D:1)
  2 bats
  A frilled lizard (D:1)
  4 rats
24 creatures vanquished.

Notes
Turn   | Place    | Note
-------+----------+-------------------------------------------
     0 | D:1      | dolemite99 the Minotaur Berserker began the quest for the
                  | Orb.
     0 | D:1      | Reached XP level 1. HP: 19/19 MP: 0/0
    94 | D:1      | Reached skill level 4 in Axes
   476 | D:1      | Reached XP level 2. HP: 26/26 MP: 1/1
  1097 | D:2      | Noticed Robin
  1116 | D:2      | Reached skill level 5 in Axes
  1311 | D:2      | Reached XP level 3. HP: 21/31 MP: 2/2
  1519 | D:2      | Found a faded altar of an unknown god.
  1552 | D:2      | HP: 2/46 [poisoned by an adder]
  1555 | D:2      | Succumbed to an adder's poison

Illustrated notes

Levels and vault maps discovered:
D:1:      psy_arrival_fountain, layout_loops_cross
D:2:      layout_basic, dreamdust_ecumenical_altar_angels_and_demons,
          uniq_robin, uniq_crazy_yiuf_cottage

Skill      XL: |  1  2 |
---------------+-------+-----
Axes           | 4 5 |  5.4
Fighting       | |  3.6
Armour         | |  2.4
Dodging        | |  2.1

Action                   || total
-------------------------++-------
Melee: Hand axe          ||    64
       Headbutt          ||     6
Invok: Berserk           ||     1
 Stab: Sleeping          ||     1
Armor: Animal skin       ||    10
Dodge: Dodged            ||    48

Table legend: (Time is in decaauts)
 A = Elapsed time spent in this place.
 B = Non-inter-level travel time spent in this place.
 C = Inter-level travel time spent in this place.
 D = Time resting spent in this place.
 E = Time spent auto-exploring this place.
 F = Levels seen in this place.
 G = Mean time per level.
                   A        B        C        D        E       F      G
               +--------+--------+--------+--------+--------+-----+--------+
         Total |   1557 |   1536 |     21 |    528 |    747 |   2 |  778.5 |
       Dungeon |   1557 |   1536 |     21 |    528 |    747 |   2 |  778.5 |
               +--------+--------+--------+--------+--------+-----+--------+

Top non-repeatable levels by time:
     D:1: 1105 daAuts
     D:2: 452 daAuts
